 Dungeon Crawl Stone Soup version 0.13-a0-2641-gc68e7bd (webtiles) character file.

323 M4edhros the Poker (level 4, -1/35 HPs)
             Began as a Demigod Wanderer on Aug 7, 2013.
             Slain by a centaur (6 damage)
             ... on Level 4 of the Dungeon.
             The game lasted 00:06:00 (3473 turns).

M4edhros the Poker (Demigod Wanderer)               Turns: 3473, Time: 00:06:00

HP  -1/35        AC  9     Str 15      XL: 4   Next: 41%
MP   8/8         EV  5     Int 17      God:
Gold 208         SH 16     Dex 17      Spells:  0 memorised,  3 levels left

Res.Fire  : . . .   See Invis. : .   j - +0 elf spear
Res.Cold  : . . .   Warding    : .   h - +3 scale mail {rPois}
Life Prot.: . . .   Conserve   : .   a - +0 shield
Res.Poison: +       Res.Corr.  : .   (no helmet)
Res.Elec. : .       Clarity    : .   (no cloak)
Sust.Abil.: . .     Spirit.Shd : .   (no gloves)
Res.Mut.  : .       Stasis     : .   (no boots)
Res.Rott. : .       Flight     : .   (no amulet)
Saprovore : . . .                    (no ring)
                                     l - ring of wizardry

@: slightly resistant to hostile enchantments, extremely unstealthy
A: no striking features
a: no special abilities


You were on level 4 of the Dungeon.
You were not hungry.

You visited 1 branch of the dungeon, and saw 5 of its levels.

You collected 158 gold pieces.

Inventory:

Hand weapons
 b - a +0,+0 short sword
 j - a +0,+0 elven spear (weapon)
 k - a +2,+0 whip of reaching
Missiles
 n - 3 javelins (quivered)
Armour
 a - a +0 shield (worn)
 c - a +0 robe
 f - a +0 pair of gauntlets
 h - a +3 scale mail of poison resistance (worn)
Magical devices
 p - a wand of teleportation (0)
Comestibles
 d - a pear
 q - 2 meat rations
 t - a bread ration
Scrolls
 e - a scroll of random uselessness
 g - 3 scrolls of identify
 i - a scroll of remove curse {unknown}
 m - a scroll of enchant weapon I {unknown}
 r - a scroll of curse jewellery {unknown}
 u - 3 scrolls of teleportation {unknown}
Jewellery
 l - a ring of wizardry (left hand)
Potions
 s - a potion of restore abilities


   Skills:
 - Level 2.8 Fighting
 - Level 2.6 Short Blades
 * Level 3.9 Polearms
 - Level 1.0 Throwing
 - Level 1.0 Dodging
 - Level 1.0 Stealth
 - Level 1.0 Shields


You had 3 spell levels left.
You didn't know any spells.

Dungeon Overview and Level Annotations

Branches:
Dungeon (5/27)
 Temple: D:4-7

Annotations
D:3 Sigmund


Message History

Nothing appears to happen.
You block the centaur's attack.
Read which item? (? for menu, Esc to quit)
Okay, then.
Your shield and scale mail prevent you from hitting the centaur.
The centaur is heavily wounded.
The centaur barely misses you.
The centaur hits you but does no damage.
You hit the centaur.
The centaur is severely wounded.
The centaur hits you but does no damage.
You hit the centaur but do no damage.
The centaur is severely wounded.
The centaur hits you but does no damage.
You completely miss the centaur.
The centaur is severely wounded.
The centaur barely misses you.
You hit the centaur.
The centaur is almost dead.
The centaur hits you.
You die...

# #..# ####.# #... # ##.# #....#
#### #.# ##(########## ##### #.#
#.(.........# #.... #######'####
#.(.........# #....
#.[........###.(.........# #....
+..........'.#.(.........###....
#..........#.#.(.........#.+.(..
#..........#...@.........#.#....
#..........###..c...[......#....
######+##### #...........###....
#...........# #####
####.######## ##. #...# #..
###.###### #.# #........# #.#
##+####### #........#####)#


You could see a centaur.

Vanquished Creatures
  Terence (D:2)
  2 gnolls (D:4)
  2 adders
  2 worms
  An adder skeleton (D:4)
  A giant gecko (D:1)
  A ball python (D:1)
  5 giant cockroaches
  8 goblins
  4 hobgoblins
  3 jackals (D:2)
  4 kobolds
  6 bats
  3 giant newts
  A quokka (D:2)
  7 rats
51 creatures vanquished.

Notes
Turn   | Place    | Note
--------------------------------------------------------------
     0 | D:1      | M4edhros, the Demigod Wanderer, began the quest for the Orb.
     0 | D:1      | Reached XP level 1. HP: 15/15 MP: 3/3
   336 | D:1      | Reached skill level 1 in Polearms
   634 | D:1      | Reached XP level 2. HP: 11/22 MP: 4/4
   647 | D:1      | HP: 1/22 [kobold/club (2)]
  1005 | D:2      | Reached XP level 3. HP: 16/28 MP: 6/6
  1216 | D:2      | Noticed Terence
  1240 | D:2      | Killed Terence
  1529 | D:2      | Reached skill level 3 in Polearms
  1823 | D:2      | Found a viscous altar of Jiyva.
  1861 | D:3      | Noticed Sigmund
  2589 | D:4      | Reached XP level 4. HP: 8/35 MP: 8/8
  2610 | D:5      | Entered Level 5 of the Dungeon
  2881 | D:5      | Noticed an ice beast
  3037 | D:5      | Noticed an ice beast
  3449 | D:4      | Noticed a centaur
  3473 | D:4      | Slain by a centaur

Action                   |  1- 3 |  4- 6 || total
-------------------------+-------+-------++-------
Melee: Whip              |   191 |       ||   191
       Spear             |    37 |    71 ||   108
       Short sword       |     3 |       ||     3
Evoke: Wand              |       |     3 ||     3
  Use: Potion            |     6 |     2 ||     8
       Scroll            |       |     2 ||     2
 Stab: Sleeping          |     3 |       ||     3
